 Dungeon Crawl Stone Soup version 0.26.1-11-gd32895ea62 (webtiles) character file.

Game seed: 2738834420929604778

216 McKennaii the Conjurer (level 5, -2/28 HPs)
             Began as a Deep Elf Conjurer on May 16, 2021.
             Slain by an orc
             ... wielding a +0 mace
              (7 damage)
             ... on level 4 of the Dungeon.
             The game lasted 00:03:13 (3903 turns).

McKennaii the Conjurer (Deep Elf Conjurer)          Turns: 3903, Time: 00:03:19

Health: -2/28      AC:  6    Str:  4    XL:     5   Next: 61%
Magic:  10/23      EV: 13    Int: 24    God:
Gold:   161        SH:  0    Dex: 13    Spells: 9/14 levels left

rFire    + . .     SeeInvis .   s - +3 mace (protect)
rCold    . . .     Faith    .   (no shield)
rNeg     . . .     Spirit   .   a - +0 robe
rPois    .         Reflect  .   r - +2 helmet
rElec    .         Harm     .   (no cloak)
rCorr    .         Rampage  .   (no gloves)
Will     .....                  p - +0 pair of boots
Stlth    ++........             (no amulet)
HPRegen  0.09/turn              k - ring of magical power
MPRegen  0.18/turn              m - ring of protection from fire

@: no status effects
A: no striking features
a: no special abilities


You were on level 4 of the Dungeon.
You visited 1 branch of the dungeon, and saw 4 of its levels.

You collected 161 gold pieces.

Inventory:

Hand Weapons
 s - a +3 mace of protection (weapon)
Armour
 a - a +0 robe (worn)
 p - a +0 pair of boots (worn)
 r - a +2 helmet (worn)
Jewellery
 k - a ring of magical power (left hand)
 m - a ring of protection from fire (right hand)
Scrolls
 b - 2 scrolls of teleportation {unknown}
 d - a scroll of amnesia {unknown}
 e - 5 scrolls of remove curse {unknown}
 f - 3 scrolls of identify {unknown}
 i - a scroll of magic mapping {unknown}
 q - a scroll of enchant weapon {unknown}
Potions
 c - 3 potions of heal wounds {unknown}
 g - a potion of attraction {unknown}
 h - a potion of ambrosia {unknown}
 j - 2 potions of brilliance {unknown}
 l - 2 potions of invisibility {unknown}
 n - a potion of might {unknown}
 o - a potion of degeneration {unknown}


   Skills:
 + Level 2.8 Dodging
 + Level 3.0 Stealth
 * Level 5.3 Spellcasting
 * Level 6.3 Conjurations


You had 9 spell levels left.
You knew the following spells:

 Your Spells              Type           Power        Failure   Level
a - Magic Dart            Conj           100%         1%          1
b - Iskenderun's Mystic   Conj/Tloc      21%          24%         4

Your spell library contained the following spells:

 Spells                   Type           Power        Failure   Level
 Searing Ray              Conj           72%          1%          2
 Dazzling Flash           Conj/Hex       42%          7%          3
 Fulminant Prism          Conj/Hex       10%          24%         4


Dungeon Overview and Level Annotations

Branches:
Dungeon (4/15)
 Temple: D:4-7

Altars:
Dithmenos
Uskayaw
Wu Jian

Shops:
D:4 :


Message History

Press: ? - help, Shift-Dir - straight line, f - orc wizard, p - orc
Aim: an orc wizard, wielding a +0 dagger and wearing a +0 robe (lightly wounded, 0% to evade)
The magic dart hits the orc wizard.
The orc wizard is heavily wounded.
The orc wizard mumbles some strange words.
The orc wizard blinks!
You barely miss the orc.
The orc is almost dead.
The orc hits you with a +0 mace.
* * * LOW HITPOINT WARNING * * *
Unknown command.
Casting: Magic Dart (safe; 1% risk of failure)
Confirm with . or Enter, or press ? or * to list all spells.
Aiming: Magic Dart (safe; 1% risk of failure)
Press: ? - help, Shift-Dir - straight line, f/p - orc wizard
Aim: an orc wizard, wielding a +0 dagger and wearing a +0 robe (heavily wounded, 0% to evade)
The magic dart hits the orc wizard.
The orc wizard is heavily wounded.
The orc hits you with a +0 mace!
You die...

...........................####'#
#'###......................####.#
#.# #...........................#
#.###......................######
#..............^............#
#####.......................#
###############.#.#####.#
..........ยง..#.# #.#
###..o@.....# #.# #)#########
#.##### #. #...... ). ####### .o.
...# ##.. ###


You could see an orc.

Vanquished Creatures
  An orc priest (D:4)
  An iguana (D:4)
  An orc wizard (D:4)
  5 adders
  An ooze (D:3)
  A worm (D:3)
  6 orcs
  5 giant cockroaches
  10 goblins
  6 hobgoblins
  4 jackals (D:2)
  4 quokkas
  A ball python (D:3)
  7 bats
  9 frilled lizards
  9 kobolds
  9 rats
80 creatures vanquished.

Vanquished Creatures (others)
  6 plants (D:1)
  7 toadstools (D:1)
13 creatures vanquished.

Grand Total: 93 creatures vanquished

Notes
Turn   | Place    | Note
-------+----------+-------------------------------------------
     0 | D:1      | McKennaii the Deep Elf Conjurer began the quest for the
                  | Orb.
     0 | D:1      | Reached XP level 1. HP: 10/10 MP: 6/6
   210 | D:1      | Reached XP level 2. HP: 15/15 MP: 1/8
   456 | D:1      | Reached skill level 5 in Conjurations
   643 | D:1      | Reached XP level 3. HP: 19/19 MP: 6/9
  1401 | D:2      | Found a hide-covered altar of Uskayaw.
  1796 | D:2      | Reached XP level 4. HP: 24/24 MP: 9/12
  2622 | D:3      | Found a shadowy altar of Dithmenos.
  2979 | D:3      | Found an ornate altar of the Wu Jian Council.
  3423 | D:3      | Learned a level 4 spell: Iskenderun's Mystic Blast
  3518 | D:4      | Reached XP level 5. HP: 20/28 MP: 14/14
  3521 | D:4      | Reached skill level 5 in Spellcasting
  3640 | D:4      | Reached skill level 6 in Conjurations
  3787 | D:4      | Found Liraed's Book Shoppe.
  3903 | D:4      | Slain by an orc

Illustrated notes

Levels and vault maps discovered:
D:1:      nagdon_arrival_double_spiral, layout_rooms, serial_bayou_crossing
D:2:      layout_basic, general_overflow_altar
D:3:      layout_basic, marbit_many_paths, pdpol_wu_jian_five_deadly_venoms
D:4:      layout_basic, minmay_temple_entry_fiery, serial_shops, shop_statue

Skill      XL: |  1  2  3  4  5 |
---------------+----------------+-----
Conjurations   | 5 6 |  6.3
Spellcasting   | 4 5 |  5.3
Stealth        | 3 |  3.0
Dodging        | |  2.8

Action                   |  1- 3 |  4- 6 || total
-------------------------+-------+-------++-------
Melee: Mace              |       |     1 ||     1
 Cast: Magic Dart        |    80 |    80 ||   160
Armor: Robe              |       |     1 ||     1
Dodge: Dodged            |     7 |     9 ||    16
